 Dungeon Crawl Stone Soup version 0.19.5 (console) character file.

80 Grinner the Ducker (level 4, -1/22 HPs)
             Began as a Spriggan Gladiator on Mar 5, 2017.
             Slain by an orc wizard
             ... wielding a +0 dagger
              (6 damage)
             ... on level 3 of the Dungeon.
             The game lasted 00:03:32 (1806 turns).

Grinner the Ducker (Spriggan Gladiator)             Turns: 1806, Time: 00:03:33

Health: -1/22      AC:  2    Str: 11    XL:     4   Next: 18%
Magic:  5/5        EV: 19    Int:  9    God:
Gold:   169        SH:  5    Dex: 17    Spells: 0 memorised, 3 levels left

rFire  . . .     SeeInvis +     a - +4 long sword
rCold  . . .     Gourm    .     b - +0 robe
rNeg   . . .     Faith    .     m - +0 buckler
rPois  .         Spirit   .     c - +0 hat
rElec  .         Reflect  .     (no cloak)
rCorr  +         Harm     .     (gloves unavailable)
MR     .....                    (boots unavailable)
Stlth  +++.......               (no amulet)
                                j - ring of resist corrosion
                                i - ring of stealth

@: very quick
A: unfitting armour, see invisible, herbivore 3, speed 3, slow metabolism 2
a: no special abilities


You were on level 3 of the Dungeon.
You were not hungry.

You visited 1 branch of the dungeon, and saw 3 of its levels.

You collected 169 gold pieces.

Inventory:

Hand Weapons
 a - a +4 long sword (weapon)
Missiles
 d - 3 throwing nets (quivered)
Armour
 b - a +0 robe (worn)
 c - a +0 hat (worn)
 m - a +0 buckler (worn)
Jewellery
 i - a ring of stealth (left hand)
 j - a ring of resist corrosion (right hand)
 o - an uncursed ring of wizardry
Scrolls
 e - 2 scrolls of random uselessness {unknown}
 h - 2 scrolls of identify {unknown}
 k - 2 scrolls of enchant weapon {unknown}
 n - 2 scrolls of remove curse {unknown}
 p - a scroll of immolation {unknown}
Potions
 g - a potion of curing {unknown}
 l - a potion of heal wounds {unknown}
Comestibles
 f - 2 bread rations


   Skills:
 - Level 1.5 Fighting
 + Level 4.2 Long Blades
 - Level 2.0 Throwing
 - Level 4.4 Dodging


You had 3 spell levels left.
You didn't know any spells.

Dungeon Overview and Level Annotations

Branches:
Dungeon (3/15)

Altars:
Dithmenos
Makhleb
Nemelex Xobeh
Sif Muna
Trog


Innate Abilities, Weirdness & Mutations

You are very small and have problems with some larger weapons.
You are too small for most types of armour.
You have supernaturally acute eyesight. (SInv)
You are a herbivore.
You cover ground extremely quickly.
You need consume almost no food.


Message History

You now have 169 gold pieces (gained 9).
There is an open door here.
The orc wizard casts a spell at you. The magic dart hits you!
You hit the orc wizard.
The orc wizard is moderately wounded.
The orc wizard hits you with a dagger.
* * * LOW HITPOINT WARNING * * *
You slash the orc wizard!
The orc wizard is almost dead.
The orc wizard barely misses you.
You barely miss the orc wizard.
The orc wizard is almost dead.
The orc wizard gestures wildly while chanting.
The orc wizard seems to speed up.
You hear a shout!
You completely miss the orc wizard.
The orc wizard is almost dead.
The orc wizard hits you with a dagger.
You die...

####### #......
#.##### ####
#.# # ..# #.#
### ##.# #.#
#..
#..#########
#.# #.#
#.o@.......#
#.# #.#
####'########.#
#.###.#
##.......# #.#
#.>....
#.⌠#####⌠.#
##.###.###..
#.##
o.##.###...##.#
### #.# .⌠.#
##.....#.#####
#.# >o.#
#.............
#.# .⌠.#
#....†.#######
#o## ..#
#.....########


You could see an orc wizard.

Vanquished Creatures
  3 adders
  An ooze (D:1)
  2 worms
  3 dart slugs
  2 leopard geckos
  A ball python (D:2)
  6 bats
  5 giant cockroaches
  A goblin (D:1)
  3 hobgoblins
  3 kobolds
  7 rats
37 creatures vanquished.

Notes
Turn   | Place    | Note
-------+----------+-------------------------------------------
     0 | D:1      | Grinner the Spriggan Gladiator began the quest for the Orb.
     0 | D:1      | Reached XP level 1. HP: 10/10 MP: 2/2
   122 | D:1      | Reached XP level 2. HP: 14/14 MP: 3/3
   862 | D:2      | Reached XP level 3. HP: 17/18 MP: 4/4
   919 | D:2      | Found a shadowy altar of Dithmenos.
  1345 | D:2      | Found a bloodstained altar of Trog.
  1649 | D:3      | Found a deep blue altar of Sif Muna.
  1652 | D:3      | Found a sparkling altar of Nemelex Xobeh.
  1652 | D:3      | Found a burning altar of Makhleb.
  1764 | D:3      | Reached XP level 4. HP: 22/22 MP: 5/5
  1778 | D:3      | Noticed an orc warrior
  1806 | D:3      | Slain by an orc wizard

Skill      XL: |  1  2  3 |
---------------+----------+-----
Long Blades    | 3 4 |  4.2
Fighting       | |  1.5
Throwing       | |  2.0
Dodging        | |  4.4

Action                   |  1- 3 |  4- 6 || total
-------------------------+-------+-------++-------
Melee: Long sword        |    77 |     8 ||    85
 Stab: Sleeping          |     5 |       ||     5
Armor: Robe              |     9 |       ||     9
Dodge: Dodged            |    78 |     1 ||    79
Block: Buckler           |     1 |     2 ||     3
       Rpst.: Long sword |    27 |       ||    27
